 Dungeon Crawl Stone Soup version 0.27-a0-1189-gb8eb6cee8e (webtiles) character file.

Game seed: 10289299380818554838

20 Gargoyl the Skirmisher (level 2, -1/29 HPs)
             Began as a Gnoll Abyssal Knight on May 23, 2021.
             Was a Follower of Lugonu.
             Slain by a gnoll shaman
             ... wielding a +0 whip
              (9 damage)
             ... on level 1 of the Dungeon.
             The game lasted 00:01:34 (1282 turns).

Gargoyl the Skirmisher (Gnoll Abyssal Knight)       Turns: 1282, Time: 00:01:35

Health: -1/29      AC:  6    Str: 11    XL:     2   Next: 79%
Magic:  5/5        EV: 12    Int: 11    God:    Lugonu [*.....]
Gold:   28         SH:  0    Dex: 11    Spells: 2/2 levels left

rFire    . . .     SeeInvis .   a - +1 hand axe
rCold    . . .     Faith    .   (no shield)
rNeg     . . .     Spirit   .   b - +0 leather armour
rPois    .         Reflect  .   (no helmet)
rElec    .         Harm     .   (no cloak)
rCorr    .         Rampage  .   (no gloves)
Will     .....                  d - +2 pair of boots
Stlth    +.........             i - amulet of the acrobat
HPRegen  0.09/turn              (no ring)
MPRegen  0.09/turn              (no ring)

@: lit by a corona, glowing
A: fangs 1, strong nose, distributed training
a: Renounce Religion, Depart the Abyss


You were on level 1 of the Dungeon.
You worshipped Lugonu.
Lugonu was aware of your devotion.
You visited 1 branch of the dungeon, and saw 2 of its levels.
You visited the Abyss 1 time.

You collected 28 gold pieces.

Inventory:

Hand Weapons
 a - a +1 hand axe (weapon)
Armour
 b - a +0 leather armour (worn)
 d - a +2 pair of boots (worn)
Jewellery
 i - an amulet of the acrobat (around neck)
Wands
 c - a wand of polymorph (9)
Scrolls
 f - 3 scrolls of vulnerability {unknown}
 h - a scroll of identify {unknown}
Potions
 g - a potion of curing


   Skills:
 + Level 6.5 Fighting
 + Level 0.5 Short Blades
 + Level 0.5 Long Blades
 + Level 4.5 Axes
 + Level 0.5 Maces & Flails
 + Level 0.5 Polearms
 + Level 0.5 Staves
 + Level 0.5 Slings
 + Level 0.5 Bows
 + Level 0.5 Crossbows
 + Level 0.5 Throwing
 + Level 4.5 Armour
 + Level 2.5 Dodging
 + Level 0.5 Stealth
 + Level 0.5 Shields
 + Level 0.5 Unarmed Combat
 + Level 0.5 Spellcasting
 + Level 0.3 Conjurations
 + Level 0.3 Hexes
 + Level 0.3 Summonings
 + Level 0.3 Necromancy
 + Level 0.3 Translocations
 + Level 0.3 Transmutations
 + Level 0.3 Fire Magic
 + Level 0.3 Ice Magic
 + Level 0.3 Air Magic
 + Level 0.3 Earth Magic
 + Level 0.3 Poison Magic
 + Level 4.5 Invocations
 + Level 0.5 Evocations


You had 2 spell levels left.
You didn't know any spells.
Your spell library contained the following spells:

 Spells                   Type           Power      Damage    Failure   Level
 Magic Dart               Conj           4%         1d3       36%         1
 Searing Ray              Conj           2%         3d3       50%         2
 Dazzling Flash           Conj/Hex       2%         N/A       75%         3
 Fulminant Prism          Conj/Hex       0%         3d6       98%         4
 Iskenderun's Mystic Bla  Conj/Tloc      1%         2d3       98%         4


Dungeon Overview and Level Annotations

Branches:
Dungeon (2/15)

Altars:
Kikubaaqudgha


Innate Abilities, Weirdness & Mutations

You have very sharp teeth.
Your uncanny sense of smell can sniff out nearby items.
Your experience applies equally to all skills.


Message History

You feel invigorated.
The gnoll shaman hits you but does no damage.
You bump into the rock wall.
The gnoll shaman closely misses you.
You're too confused to move!
The gnoll shaman closely misses you.
Okay, then.
You slash the gnoll shaman!
The gnoll shaman is heavily wounded.
The gnoll shaman closely misses you.
You completely miss the gnoll shaman.
You bite the gnoll shaman, but do no damage.
The gnoll shaman is heavily wounded.
The gnoll shaman closely misses you.
You bump into the rock wall.
You feel less invigorated.
You feel less confused.
The gnoll shaman hits you with a +0 whip.
It was a potion of curing.
You feel better. The gnoll shaman barely misses you.
You hit the gnoll shaman.
The gnoll shaman is severely wounded.
The gnoll shaman calls down the wrath of its god upon you.
You are outlined in light.
You closely miss the gnoll shaman.
The gnoll shaman is severely wounded.
The gnoll shaman mumbles some strange prayers to its god.
The gnoll shaman is healed somewhat.
You hit the gnoll shaman but do no damage.
The gnoll shaman is heavily wounded.
The gnoll shaman hits you with a +0 whip.
You closely miss the gnoll shaman.
The gnoll shaman is heavily wounded.
The gnoll shaman hits you with a +0 whip!
You hit the gnoll shaman but do no damage.
You bite the gnoll shaman, but do no damage.
The gnoll shaman is heavily wounded.
The gnoll shaman hits you with a +0 whip.
You hit the gnoll shaman but do no damage.
The gnoll shaman is heavily wounded.
The gnoll shaman hits you with a +0 whip.
* * * LOW HITPOINT WARNING * * *
The gnoll shaman hits you with a +0 whip!
You die...

#.# #.# ########### #.#
#.........# #.###########
####.........# #...........#
..##.........###############.#
#.#..........'..........# #.#
#.#..........##########.# #.#
#.#..........'.g@...# #.# #.#
#.#..........######.# #.# #.#
#.#.######'#....# #.# #.# #.#
#.#.# #.#.##.# #.# #.# #.#
#.#.# #.#.##.# #.# #(# #.#
#.#.# #.#.##.# #.# #.# #.#
#.#.# #.#.##.# #.# #.# #.#
#.#.# #.#.##.# #.###.####.#
#...# #.#.##.# #.#........#


You could see a gnoll shaman.

Vanquished Creatures
  A dart slug (D:1)
  3 ball pythons (D:1)
  2 bats (D:1)
  3 endoplasms (D:1)
  A hobgoblin (D:1)
  2 quokkas (D:1)
  A frilled lizard (D:1)
  4 rats (D:1)
17 creatures vanquished.

Notes
Turn   | Place    | Note
-------+----------+-------------------------------------------
     0 | Abyss:1  | Gargoyl the Gnoll Abyssal Knight began the quest for the
                  | Orb.
     0 | Abyss:1  | Reached XP level 1. HP: 23/23 MP: 3/3
    99 | Abyss:2  | Noticed a glowing orange brain
   102 | Abyss:2  | Noticed a guardian serpent
   106 | D:1      | Escaped the Abyss
   172 | D:1      | Reached * piety under Lugonu
   383 | D:1      | Reached XP level 2. HP: 29/29 MP: 5/5
   498 | D:1      | Found a faded altar of an unknown god.
  1220 | D:1      | Found an ancient bone altar of Kikubaaqudgha.
  1282 | D:1      | Slain by a gnoll shaman

Illustrated notes

Levels and vault maps discovered:
D:1:      dpeg_arrival_lava_altar, layout_basic,
          hellmonk_ecumenical_altar_heavens_door, minmay_tripent
D:2:      layout_basic, basic_altar, chequers_serial_rivers_small_b

Action                   || total
-------------------------++-------
Melee: Hand axe          ||    46
       Bite              ||     5
Invok: Depart the Abyss  ||     1
Evoke: Wand              ||     1
  Use: Scroll            ||     1
       Potion            ||     2
 Stab: Sleeping          ||     1
Armor: Leather armour    ||     7
Dodge: Dodged            ||    46

Table legend: (Time is in decaauts)
 A = Elapsed time spent in this place.
 B = Non-inter-level travel time spent in this place.
 C = Inter-level travel time spent in this place.
 D = Time resting spent in this place.
 E = Time spent auto-exploring this place.
 F = Levels seen in this place.
 G = Mean time per level.
                   A        B        C        D        E       F      G
               +--------+--------+--------+--------+--------+-----+--------+
         Total |   1268 |   1237 |     31 |      0 |   1008 |   4 |  317.0 |
       Dungeon |   1165 |   1134 |     31 |      0 |    949 |   2 |  582.5 |
         Abyss |    103 |    103 |      0 |      0 |     59 |   2 |   51.5 |
               +--------+--------+--------+--------+--------+-----+--------+

Top non-repeatable levels by time:
     D:1: 1150 daAuts
 Abyss:2: 53 daAuts
 Abyss:1: 50 daAuts
     D:2: 15 daAuts
